Map: Romanticide LE

Players

Stats - Winner!

  • Race: Protoss Protoss
  • League: Master
  • Spawn Location: 5:00

DPGZest (Zest)

  • Race: Protoss Protoss
  • League: Master
  • Spawn Location: 11:00

Event: StayAtHome Story Cup #3

VOD

Have the link to the VOD?

Description

Time

  • Played on: March 13, 2021, 11:58 a.m.
  • Length: 6:37

All games in this series

Show
View Real Time Build Order
Export as new Build Order

Stats Protoss - Winner!

Build Orders:  

Get SALT Encoding   

  12  0:00  Probe  
  13  0:12  Probe  
  14  0:17  Pylon  
  14  0:24  Probe (Chrono Boost)  
  15  0:36  Probe (Chrono Boost), Gateway  
  16  0:44  Probe (Chrono Boost)  
  16  0:45  Assimilator  
  17  0:51  Probe  
  17  0:54  Assimilator  
  18  1:03  Probe (Chrono Boost)  
  19  1:09  Gateway  
  19  1:14  Probe (Chrono Boost)  
  20  1:19  Probe (Chrono Boost)  
  20  1:24  Cybernetics Core  
  21  1:29  Probe  
  22  1:35  Pylon  
  22  1:41  Probe  
  23  1:53  Probe  
  24  1:57  Warp Gate (Chrono Boost)  
  24  2:00  Adept x2  
  28  2:05  Probe  
  29  2:12  Pylon  
  29  2:30  Adept x2  
  32  2:49  Nexus  
  32  3:02  Adept x2  
  34  3:11  Pylon  
  34  3:26  Shield Battery  
  34  3:34  Twilight Council  
  34  3:39  Adept  
  34  3:40  Adept  
  38  3:46  Robotics Facility  
  38  3:49  Probe (Chrono Boost)  
  39  4:00  Probe (Chrono Boost)  
  39  4:02  Sentry x2  
  43  4:03  Probe (Chrono Boost)  
  43  4:09  Probe (Chrono Boost)  
  46  4:13  Dark Shrine  
  46  4:14  Probe (Chrono Boost)  
  46  4:15  Probe (Chrono Boost)  
  48  4:25  Probe  
  48  4:27  Probe  
  48  4:31  Stalker  
  52  4:38  Stalker  
  52  4:41  Observer  
  52  4:42  Probe x2  
  53  4:55  Probe x2  
  53  4:58  Shield Battery  
  51  5:02  Stalker x2  
  51  5:07  Probe x2  
  57  5:09  Pylon  
  57  5:24  Probe x2 (Chrono Boost)  
  59  5:32  Assimilator  
  61  5:36  Probe x2 (Chrono Boost)  
  61  5:37  Dark Templar  
  61  5:41  Probe x2 (Chrono Boost)  
  61  5:42  Pylon, Dark Templar  
  67  5:44  Shield Battery  
  67  5:46  Pylon  
  65  6:10  Nexus  
  65  6:12  Pylon  
  59  6:18  Probe  
  59  6:19  Probe  
  59  6:21  Forge  
  60  6:26  Gateway x2  
Show
View Real Time Build Order
Export as new Build Order

DPGZest Protoss 

Build Orders: Oracle Opening 

Get SALT Encoding   

  12  0:00  Probe  
  13  0:12  Probe  
  14  0:17  Pylon  
  14  0:24  Probe (Chrono Boost)  
  15  0:36  Probe (Chrono Boost), Gateway  
  16  0:44  Probe (Chrono Boost)  
  16  0:45  Assimilator  
  17  0:51  Probe  
  18  1:03  Probe (Chrono Boost)  
  19  1:04  Assimilator  
  19  1:10  Gateway  
  19  1:12  Probe (Chrono Boost)  
  19  1:17  Probe (Chrono Boost)  
  20  1:24  Cybernetics Core  
  21  1:29  Probe  
  22  1:35  Pylon  
  22  1:41  Probe  
  23  1:53  Probe  
  24  2:00  Warp Gate, Adept x2  
  28  2:13  Pylon  
  28  2:30  Sentry  
  30  2:39  Stargate  
  29  2:50  Nexus  
  29  3:05  Probe  
  28  3:06  Stalker  
  28  3:09  Shield Battery  
  30  3:16  Stalker  
  32  3:20  Oracle (Chrono Boost)  
  35  3:30  Probe  
  36  3:35  Pylon  
  36  3:48  Oracle (Chrono Boost)  
  36  3:53  Probe  
  40  4:06  Stalker  
  40  4:08  Probe  
  43  4:10  Pylon  
  43  4:14  Stalker  
  43  4:17  Probe (Chrono Boost)  
  46  4:20  Probe (Chrono Boost)  
  47  4:28  Probe (Chrono Boost)  
  47  4:30  Probe (Chrono Boost)  
  49  4:33  Probe (Chrono Boost)  
  48  4:39  Probe  
  48  4:43  Probe  
  50  4:47  Stalker x2  
  54  4:54  Probe  
  54  4:55  Probe  
  56  5:01  Twilight Council  
  56  5:07  Probe  
  57  5:08  Probe  
  57  5:11  Pylon  
  58  5:19  Adept  
  58  5:20  Adept  
  62  5:29  Probe, Forge  
  62  5:31  Probe  
  64  5:36  Pylon  
  64  5:48  Probe, Pylon  
  64  5:49  Probe  
  66  5:58  Gateway  
  63  6:07  Stalker, Adept  
  67  6:16  Probe  
  67  6:17  Probe  
  67  6:19  Gateway  
  67  6:21  Pylon  
Tags
 
Add a new tag
Caveats
  • Supply blocks, unpowered buildings, or Contaminate may cause inaccurate times.
  • Supply counts are checked every 10 seconds.